 Dungeon Crawl Stone Soup version 0.29.1-15-g9cfb28693d (webtiles) character file.

Game seed: 17991890939729980724

37 386 the Shield-Bearer (level 3, -6/35 HPs)
             Began as a Gnoll Fighter on Mar 26, 2023.
             Mangled by a gnoll
             ... wielding a +0 halberd
              (12 damage)
             ... on level 2 of the Dungeon.
             The game lasted 00:02:02 (1159 turns).

386 the Shield-Bearer (Gnoll Fighter)               Turns: 1159, Time: 00:02:03

Health: -6/35      AC:  7    Str: 17    XL:     3   Next: 39%
Magic:  4/4        EV:  9    Int:  7    God:
Gold:   86         SH:  5    Dex: 11    Spells: 3/3 levels left

rFire   . . .      SeeInvis .   a - +0 trident
rCold   . . .      Faith    .   c - +0 buckler
rNeg    . . .      Spirit   .   b - +0 scale mail
rPois   .          Reflect  .   (no helmet)
rElec   .          Harm     .   (no cloak)
rCorr   .          Rampage  .   (no gloves)
Will    .....                   (no boots)
Stlth   ..........              (no amulet)
HPRegen 0.11/turn               (no ring)
MPRegen 0.09/turn               (no ring)

@: no status effects
A: fangs 1, strong nose, distributed training
a: no special abilities


You were on level 2 of the Dungeon.
You visited 1 branch of the dungeon, and saw 2 of its levels.

You collected 86 gold pieces.

Inventory:

Hand Weapons
 a - a +0 trident (weapon)
Armour
 b - a +0 scale mail (worn)
 c - a +0 buckler (worn)
 n - a +0 cloak
 r - a +0 pair of boots
Jewellery
 h - an amulet of reflection
 o - a ring of wizardry
Scrolls
 g - a scroll of vulnerability {unknown}
 i - a scroll of identify {unknown}
 m - a scroll of enchant weapon {unknown}
 q - a scroll of amnesia {unknown}
 t - a scroll of blinking {unknown}
Potions
 d - a potion of might
 e - a potion of magic {unknown}
 f - a potion of curing {unknown}
 j - 2 potions of haste {unknown}
 k - a potion of ambrosia {unknown}
 l - a potion of attraction {unknown}
 p - a potion of resistance {unknown}
 s - a potion of degeneration {unknown}
 u - a potion of heal wounds {unknown}


   Skills:
 + Level 6.5 Fighting
 + Level 0.8 Short Blades
 + Level 0.8 Long Blades
 + Level 0.8 Axes
 + Level 0.8 Maces & Flails
 + Level 4.5 Polearms
 + Level 0.8 Staves
 + Level 0.8 Ranged Weapons
 + Level 0.8 Throwing
 + Level 6.5 Armour
 + Level 0.8 Dodging
 + Level 0.8 Stealth
 + Level 6.5 Shields
 + Level 0.8 Unarmed Combat
 + Level 0.8 Spellcasting
 + Level 0.5 Conjurations
 + Level 0.5 Hexes
 + Level 0.5 Summonings
 + Level 0.5 Necromancy
 + Level 0.5 Translocations
 + Level 0.5 Transmutations
 + Level 0.5 Fire Magic
 + Level 0.5 Ice Magic
 + Level 0.5 Air Magic
 + Level 0.5 Earth Magic
 + Level 0.5 Poison Magic
 + Level 1.0 Invocations
 + Level 0.8 Evocations


You had 3 spell levels left.
You didn't know any spells.
Your spell library was empty.

Dungeon Overview and Level Annotations

Branches:
Dungeon (2/15)

Altars:
Elyvilon

Shops:
D:1 *=*


Innate Abilities, Weirdness & Mutations

You have very sharp teeth.
Your uncanny sense of smell can sniff out nearby items.
Your experience applies equally to all skills.


Message History

There is a stone staircase leading down here.
You see here a bat skeleton. 2 gnolls come into view.
A gnoll is wielding a +0 flail of protection.
The gnoll shouts! x2; You hear a shout!
You reach to attack!
You barely miss the gnoll.
The gnoll hits you from afar with a +0 halberd!
You reach to attack!
You barely miss the gnoll. The gnoll closely misses you.
You reach to attack!
You hit the gnoll.
The gnoll is heavily wounded.
A gnoll comes into view. It is wielding a +0 club.
You reach to attack!
You barely miss the gnoll.
You reach to attack!
You completely miss the gnoll. You hit the gnoll but do no damage.
Your bite misses the gnoll.
The gnoll hits you with a +0 flail of protection.
The gnoll hits you from afar with a +0 halberd.
The gnoll hits you from afar with a +0 halberd!
The gnoll hits you with a +0 flail of protection.
* * * LOW HITPOINT WARNING * * *
You are too injured to fight recklessly!
You are too injured to fight recklessly!
You are too injured to fight recklessly!
You are too injured to fight recklessly!
You are too injured to fight recklessly!
You are too injured to fight recklessly!
You hit the gnoll. Your bite misses the gnoll.
The gnoll is lightly wounded.
The gnoll closely misses you. You block the gnoll's attack.
You closely miss the gnoll. You bite the gnoll, but do no damage.
The gnoll is lightly wounded.
The gnoll barely misses you. x2
You hit the gnoll.
The gnoll is lightly wounded.
The gnoll barely misses you. You block the gnoll's attack.
You barely miss the gnoll.
The gnoll is lightly wounded.
The gnoll hits you with a +0 flail of protection.
* * * LOW HITPOINT WARNING * * *
The gnoll hits you from afar with a +0 halberd!
You die...

#....#).....####...##.
#......#..#...........
#.#...........#.#...###
#.#...........#.....#
#.##..........###.#.### .
##.#........#..#.#.#.#.. .
#....######....#.#.#.#.## ..
#....######.##.#...#.#... ...
#....ggg@...##.#.###.#.##
...#######...#########>#.........
.....g.......#########<##########
.................................
................รท......###.##.##.
##........########.....# #.##.##.
#........# #....(.....###.##.##.
#........# #..............##.##.
########## #.......#########.###


You could see 3 gnolls.

Vanquished Creatures
  A worm (D:2)
  2 dart slugs (D:1)
  A ball python (D:2)
  4 goblins
  2 hobgoblins (D:1)
  2 jackals (D:1)
  3 quokkas
  2 bats (D:2)
  2 frilled lizards
  6 kobolds
  4 rats
29 creatures vanquished.

Notes
Turn   | Place    | Note
-------+----------+-------------------------------------------
     0 | D:1      | 386 the Gnoll Fighter began the quest for the Orb.
     0 | D:1      | Reached XP level 1. HP: 23/23 MP: 1/1
    72 | D:1      | Found Iluan's Jewellery Boutique.
    72 | D:1      | Found Fafab's General Store.
   122 | D:1      | Reached XP level 2. HP: 26/29 MP: 2/2
   491 | D:1      | Reached XP level 3. HP: 35/35 MP: 3/3
   526 | D:1      | Found Xukanus's Assorted Antiques.
   737 | D:2      | Found a faded altar of an unknown god.
   781 | D:2      | Found a white marble altar of Elyvilon.
   835 | D:2      | Reached skill level 1 in Invocations
  1159 | D:2      | Mangled by a gnoll

Illustrated notes

Levels and vault maps discovered:
D:1:      dpeg_arrival_solitude, layout_rooms, serial_shops, shop, shop, shop
D:2:      layout_basic, ebering_ecumenical_altar_webs, basic_altar

Skill      XL: |  1  2  3 |
---------------+----------+-----
Invocations    | 1 |  1.0
Fighting       | |  6.5
Short Blades   | |  0.8
Long Blades    | |  0.8
Axes           | |  0.8
Maces & Flails | |  0.8
Polearms       | |  4.5
Staves         | |  0.8
Ranged Weapons | |  0.8
Throwing       | |  0.8
Armour         | |  6.5
Dodging        | |  0.8
Stealth        | |  0.8
Shields        | |  6.5
Unarmed Combat | |  0.8
Spellcasting   | |  0.8
Conjurations   | |  0.5
Hexes          | |  0.5
Summonings     | |  0.5
Necromancy     | |  0.5
Translocations | |  0.5
Transmutations | |  0.5
Fire Magic     | |  0.5
Ice Magic      | |  0.5
Air Magic      | |  0.5
Earth Magic    | |  0.5
Poison Magic   | |  0.5
Evocations     | |  0.8

Action                   || total
-------------------------++-------
Melee: Trident           ||    88
       Bite              ||     5
Armor: Scale mail        ||    22
Dodge: Dodged            ||    17
Block: Buckler           ||    15
